 Dungeon Crawl Stone Soup version 0.27.1-33-g824d729ab1 (webtiles) character file.

Game seed: 6180751353000874725

7 Descartes the Chiller (level 1, -2/9 HPs)
             Began as a Spriggan Wanderer on Dec 4, 2021.
             Slain by a quokka (5 damage)
             ... on level 1 of the Dungeon.
             The game lasted 00:01:44 (488 turns).

Descartes the Chiller (Spriggan Wanderer)            Turns: 488, Time: 00:01:44

Health: -2/9       AC:  2    Str:  9    XL:     1   Next: 91%
Magic:  0/3        EV: 15    Int: 13    God:
Gold:   0          SH:  0    Dex: 13    Spells: 0/1 levels left

rFire    . . .     SeeInvis +   a - +0 dagger
rCold    . . .     Faith    .   (shield restricted)
rNeg     . . .     Spirit   .   b - +0 robe
rPois    .         Reflect  .   (helmet restricted)
rElec    .         Harm     .   (no cloak)
rCorr    .         Rampage  .   (gloves unavailable)
Will     .....                  (boots unavailable)
Stlth    ++........             (no amulet)
HPRegen  0.03/turn              (no ring)
MPRegen  0.08/turn              (no ring)

@: very quick
A: very small, no large weapons, unfitting armour, see invisible, speed 3
a: no special abilities


You were on level 1 of the Dungeon.
You visited 1 branch of the dungeon, and saw 1 of its levels.

Inventory:

Hand Weapons
 a - a +0 dagger (weapon)
Armour
 b - a +0 robe (worn)
Potions
 c - a potion of flight {unknown}


   Skills:
 + Level 0.1 Short Blades
 + Level 0.3 Dodging
 + Level 1.7 Stealth
 + Level 0.7 Spellcasting
 - Level 3.0 Translocations
 + Level 1.9 Transmutations
 + Level 1.1 Fire Magic
 - Level 3.2 Ice Magic
 - Level 1.3 Evocations


You couldn't memorise any spells.
You knew the following spells:

 Your Spells              Type           Power      Damage    Failure   Level
a - Foxfire               Conj/Fire      4%         2x1d4     22%         1

Your spell library contained the following spells:

 Spells                   Type           Power      Damage    Failure   Level
 Freeze                   Ice            32%        1d5       8%          1
 Apportation              Tloc           16%        N/A       9%          1
 Frozen Ramparts          Ice            16%        1d3       22%         3
 Ozocubu's Armour         Ice            8%         N/A       22%         3
 Teleport Other           Tloc           8%         N/A       26%         3
 Corpse Rot               Necr/Air       N/A        N/A       41%         2
 Poisonous Vapours        Pois/Air       0%         N/A       41%         2
 Ignite Poison            Fire/Tmut/Pois 3%         N/A       50%         3
 Conjure Flame            Conj/Fire      1%         6-21      56%         3
 Hailstorm                Conj/Ice       4%         3d4       83%         4
 Sticky Flame             Conj/Fire      1%         2d3       92%         4
 Freezing Cloud           Conj/Ice/Air   1%         6-21      99%         5


Dungeon Overview and Level Annotations

Branches:
Dungeon (1/15)

Altars:


Innate Abilities, Weirdness & Mutations

You are very small and have problems with some larger weapons.
You are too small for most types of armour.
You have supernaturally acute eyesight. (SInv)
You cover ground extremely quickly. (Speed+++)


Message History

You conjure some foxfire!
The foxfire hits the quokka but does no damage.
Casting: Foxfire (safe; 22% risk of failure)
Confirm with . or Enter, or press ? or * to list all spells.
You conjure some foxfire!
The foxfire hits the quokka but does no damage.
The foxfire hits the quokka.
The quokka is severely wounded.
The foxfire hits the quokka but does no damage.
The quokka is severely wounded.
The foxfire hits the quokka but does no damage.
The quokka is severely wounded.
Casting: Foxfire (safe; 22% risk of failure)
Confirm with . or Enter, or press ? or * to list all spells.
You don't have enough magic to cast this spell.
Unknown command.
Casting: Foxfire (safe; 22% risk of failure)
Confirm with . or Enter, or press ? or * to list all spells.
You don't have enough magic to cast this spell.
The quokka misses you.
You barely miss the quokka.
The quokka is severely wounded.
The quokka misses you.
You closely miss the quokka.
The quokka is severely wounded.
The quokka closely misses you.
You hit the quokka.
The quokka is almost dead.
The quokka bites you.
You miss the quokka.
The quokka is almost dead.
The quokka closely misses you.
You hit the quokka but do no damage.
The quokka is almost dead.
The quokka barely misses you. The quokka bites you.
You barely miss the quokka.
The quokka is almost dead.
The quokka bites you.
Ouch! That really hurt!
You die...

...#### #.# #
##### #.#
...# #.#
#.####.# #.#
........ #.#
#.####.# #!#
#.# #r# #..
#######@###.#
#.# ###
............#
#.#
#######.#####
#.# #.#####
#.#### #
#.##..#
##.##.. .
#.....#
#...#.# #
####..#
#...#.# #
#..# #...#.#
# #..#
##.##.###


You could see a quokka.

Vanquished Creatures
  2 goblins (D:1)
  A hobgoblin (D:1)
  A ball python (D:1)
  A frilled lizard (D:1)
  3 rats (D:1)
8 creatures vanquished.

Vanquished Creatures (others)
  5 foxfires (D:1)
5 creatures vanquished.

Grand Total: 13 creatures vanquished

Notes
Turn   | Place    | Note
-------+----------+-------------------------------------------
     0 | D:1      | Descartes the Spriggan Wanderer began the quest for the
                  | Orb.
     0 | D:1      | Descartes set off with the following items: a +0 dagger, a
                  | +0 robe; and the following spells available to memorise:
                  | Apportation, Freeze, Frozen Ramparts, Ozocubu's Armour,
                  | Foxfire, Teleport Other, Conjure Flame, Hailstorm
     0 | D:1      | Reached XP level 1. HP: 9/9 MP: 2/2
    80 | D:1      | Learned a level 1 spell: Foxfire
   488 | D:1      | Slain by a quokka

Illustrated notes

Levels and vault maps discovered:
D:1:      lemuel_arrival_cross, layout_loops_ring, st_stairs_8

Action                   || total
-------------------------++-------
Melee: Dagger            ||    35
 Cast: Foxfire           ||     3
 Stab: Sleeping          ||     1
Armor: Robe              ||     4
Dodge: Dodged            ||    18
